Map: Shipwrecked LE

Players

Dusk

  • Race: Terran Terran
  • League: Diamond
  • Spawn Location: 9:00

Buried

  • Race: Zerg Zerg
  • League: Diamond
  • Spawn Location: 9:00

Destro

  • Race: Terran Terran
  • Spawn Location: 11:00

Chivkatal

  • Race: Protoss Protoss
  • Spawn Location: 12:00

SlushyStar

  • Race: Terran Terran
  • Spawn Location: 3:00

CmdrBeaumont

  • Race: Protoss Protoss
  • Spawn Location: 5:00

WheresWaldo

  • Race: Protoss Protoss
  • Spawn Location: 6:00

Throwfordays

  • Race: Zerg Zerg
  • League: Silver
  • Spawn Location: 5:00

VOD

Have the link to the VOD?

Description

Time

  • Played on: April 26, 2019, 10:41 p.m.
  • Length: 7:46
Show
View Real Time Build Order
Export as new Build Order

Dusk Terran 

Build Orders:  

Get SALT Encoding   

  12  0:01  SCV  
  13  0:13  SCV  
  14  0:24  Supply Depot  
  14  0:25  SCV  
  15  0:30  Refinery  
  15  0:45  SCV  
  16  0:53  Barracks  
  16  0:57  SCV  
  17  1:10  SCV  
  18  1:22  SCV  
  19  1:46  Reaper, Orbital Command  
  20  2:13  SCV  
  22  2:24  Command Center  
  22  2:26  SCV  
  22  2:29  Supply Depot  
  23  2:41  Barracks Reactor, SCV  
  23  2:48  Refinery, Factory  
  23  2:53  SCV  
  23  3:14  SCV  
  24  3:26  SCV  
  25  3:31  Marine x2  
  25  3:34  Starport  
  27  3:36  Factory Tech Lab  
  27  3:38  Starport  
  27  3:42  Supply Depot  
  27  3:43  SCV  
  27  3:45  Orbital Command  
  28  3:50  Supply Depot  
  28  3:52  Marine x2  
  28  3:55  SCV  
  31  4:07  SCV  
  32  4:10  SCV, Factory Tech Lab  
  32  4:13  Supply Depot  
  32  4:15  Refinery  
  33  4:22  SCV  
  34  4:25  Hyperflight Rotors  
  34  4:35  Marine x2  
  34  4:37  Supply Depot  
  36  4:38  Factory Tech Lab  
  36  4:40  SCV x2  
  38  4:47  Cloaking Field  
  38  4:50  Banshee  
  41  4:52  Marine, SCV  
  41  4:54  Banshee  
  41  4:57  SCV  
  47  5:05  SCV  
  48  5:09  SCV  
  48  5:12  Refinery  
  49  5:33  Banshee  
  52  5:37  Banshee  
  55  5:48  Supply Depot  
  55  5:51  SCV x2  
  57  6:03  SCV  
  58  6:16  Banshee  
  61  6:20  Banshee  
  64  6:59  Banshee  
  70  7:23  Marine x2  
Show
View Real Time Build Order
Export as new Build Order

Buried Zerg 

Build Orders: Hatch First 

Get SALT Encoding   

  12  0:01  Drone  
  13  0:13  Overlord  
  13  0:20  Drone  
  14  0:32  Drone x2  
  14  0:35  Drone  
  17  0:56  Hatchery  
  16  1:02  Drone  
  17  1:04  Extractor  
  17  1:10  Drone  
  17  1:16  Spawning Pool  
  16  1:23  Drone  
  17  1:26  Drone  
  18  1:45  Overlord  
  18  1:51  Drone x2  
  20  2:03  Queen  
  20  2:06  Metabolic Boost  
  22  2:09  Drone  
  22  2:10  Drone  
  22  2:14  Drone  
  25  2:22  Zergling x2  
  26  2:25  Drone  
  27  2:30  Queen  
  29  2:39  Drone  
  29  2:40  Drone  
  29  2:43  Drone  
  32  2:47  Overlord  
  32  2:53  Zergling x2  
  33  2:59  Drone  
  33  3:01  Extractor  
  33  3:10  Drone  
  33  3:12  Drone x3  
  37  3:15  Baneling Nest  
  36  3:22  Drone x3  
  36  3:25  Drone  
  40  3:30  Evolution Chamber  
  40  3:31  Drone  
  40  3:32  Evolution Chamber  
  39  3:36  Drone  
  39  3:40  Lair  
  40  3:41  Overlord  
  40  3:46  Drone x3  
  43  3:48  Drone  
  44  3:56  Zerg Melee Weapons Level 1  
  44  3:59  Zerg Ground Armor Level 1  
  44  4:21  Drone x2  
  44  4:22  Drone  
  44  4:23  Extractor  
  44  4:25  Extractor  
  44  4:30  Drone  
  44  4:38  Centrifical Hooks  
  44  4:41  Zergling x2  
  44  4:42  Zergling x6, Queen  
  44  4:44  Drone  
  51  4:47  Drone  
  51  4:49  Overlord  
  51  4:50  Overlord  
  52  5:04  Overlord  
  52  5:05  Baneling x4  
  52  5:06  Baneling x3  
  52  5:07  Baneling  
  52  5:08  Zergling x10  
  52  5:14  Drone  
  58  5:23  Drone  
  59  5:28  Nydus Network  
  59  5:30  Zergling x4  
  60  5:42  Zergling x4  
  62  5:44  Zergling x8  
  66  5:59  Zergling x8  
  70  6:05  Drone  
  71  6:15  Nydus Canal  
  71  6:19  Zergling x10  
  71  6:20  Overlord x2  
  74  6:53  Zergling x6  
  74  6:54  Zergling x14  
  80  7:05  Infestation Pit  
  80  7:08  Spore Crawler, Zergling x2  
  78  7:09  Zergling x2  
  78  7:11  Baneling x4  
  78  7:12  Baneling  
  80  7:18  Nydus Canal  
  80  7:23  Baneling  
  80  7:24  Baneling x5  
Show
View Real Time Build Order
Export as new Build Order

Destro Terran 

Build Orders: Gas First Reaper Expand, Banshee Rush 

Get SALT Encoding   

  12  0:01  SCV  
  13  0:13  SCV  
  14  0:19  Supply Depot  
  14  0:26  Refinery  
  14  0:31  SCV  
  15  0:44  Barracks  
  15  0:48  SCV  
  16  1:00  SCV  
  17  1:12  SCV  
  18  1:25  SCV  
  19  1:31  Factory  
  19  1:42  Orbital Command  
  19  1:47  Reaper  
  20  2:07  Command Center  
  20  2:09  SCV  
  21  2:16  Factory Tech Lab  
  21  2:17  Refinery  
  21  2:22  SCV  
  22  2:35  SCV, Starport  
  23  2:53  Supply Depot  
  23  2:55  Supply Depot  
  23  3:10  Starport  
  23  3:15  SCV  
  23  3:16  Factory Tech Lab  
  24  3:25  Orbital Command  
  25  3:27  SCV  
  25  3:39  SCV, Cloaking Field  
  25  3:51  SCV  
  26  3:56  Refinery  
  26  3:57  Refinery, SCV  
  26  4:01  Supply Depot  
  27  4:03  SCV  
  27  4:05  Banshee  
  27  4:09  SCV  
  32  4:15  SCV  
  33  4:23  Banshee  
  36  4:26  SCV  
  36  4:28  SCV  
  38  4:40  SCV  
  38  4:43  Factory Tech Lab  
  39  4:48  Banshee  
  39  4:50  Engineering Bay  
  39  4:52  Armory  
  42  5:00  SCV x2  
  42  5:03  Supply Depot  
  42  5:04  Infernal Pre-Igniter  
  44  5:09  Banshee  
  47  5:43  Banshee  
  47  5:46  SCV x2  
  47  5:47  Terran Ship Weapons Level 1  
  52  5:53  Barracks Reactor, Factory  
  49  7:07  Factory  
  49  7:09  Armory  
  49  7:14  Barracks Tech Lab  
  49  7:22  Hellion x3  
Show
View Real Time Build Order
Export as new Build Order

Chivkatal Protoss 

Build Orders:  

Get SALT Encoding   

  12  0:02  Probe  
  13  0:17  Pylon  
  13  0:18  Probe  
  14  0:30  Probe  
  15  0:41  Gateway  
  15  0:42  Probe  
  16  0:50  Assimilator  
  16  0:54  Probe  
  17  1:06  Probe  
  17  1:09  Assimilator  
  18  1:14  Probe  
  19  1:22  Probe  
  20  1:33  Probe  
  20  1:35  Cybernetics Core  
  20  1:36  Pylon  
  21  2:05  Nexus  
  21  2:14  Probe  
  22  2:21  Gateway  
  22  2:37  Probe  
  23  2:49  Probe, Warp Gate  
  23  2:50  Gateway x2  
  24  3:07  Twilight Council  
  24  3:16  Probe  
  25  3:28  Probe  
  25  3:29  Resonating Glaives  
  25  3:32  Probe  
  27  3:52  Adept  
  27  3:53  Adept x3  
  35  3:58  Pylon  
  35  3:59  Probe  
  35  4:02  Probe  
  37  4:22  Pylon, Probe  
  38  4:34  Probe  
  38  4:38  Adept x4  
  47  4:52  Forge  
  41  5:22  Probe  
  41  5:24  Adept x3  
  41  5:25  Adept  
  50  6:04  Probe  
  50  6:05  Probe  
  50  6:07  Adept x4  
  60  6:11  Assimilator  
  60  6:13  Probe  
  60  6:15  Assimilator  
  57  6:23  Probe  
  58  6:38  Adept x2  
  58  7:14  Pylon  
  58  7:16  Pylon  
  58  7:20  Pylon  
  58  7:22  Adept x2  
  62  7:28  Gateway  
  62  7:30  Gateway  
  62  7:46  Nexus  
Show
View Real Time Build Order
Export as new Build Order

SlushyStar Terran 

Build Orders:  

Get SALT Encoding   

  12  0:06  SCV  
  13  0:26  Supply Depot  
  13  0:30  SCV  
  14  0:37  Refinery  
  14  0:42  SCV  
  15  0:55  SCV  
  16  1:04  Barracks  
  16  1:51  SCV  
  17  1:57  Marine  
  18  2:03  SCV  
  18  2:06  Factory  
  19  2:14  Marine  
  19  2:15  SCV  
  21  2:17  Supply Depot  
  21  2:32  Marine  
  22  2:39  Supply Depot  
  22  2:56  Engineering Bay  
  21  3:17  SCV  
  22  3:26  Refinery  
  22  3:29  SCV  
  23  3:46  Supply Depot  
  22  3:49  Hellion  
  24  4:01  Bunker  
  24  4:06  Marine  
  25  4:10  Supply Depot, Hellion  
  23  4:24  Marine  
  20  4:25  SCV  
  22  4:38  SCV  
  23  4:41  Marine  
  23  4:45  Supply Depot  
  24  4:50  SCV  
  25  4:59  Marine  
  26  5:02  SCV  
  27  5:08  Supply Depot  
  26  5:14  SCV  
  26  5:17  Marine  
  5  6:02  SCV  
  6  6:14  SCV  
  7  6:27  SCV  
  8  6:39  SCV  
  9  6:51  SCV  
Show
View Real Time Build Order
Export as new Build Order

CmdrBeaumont Protoss 

Build Orders:  

Get SALT Encoding   

  12  0:03  Probe  
  13  0:13  Probe  
  14  0:25  Pylon, Probe  
  15  0:43  Probe  
  16  0:55  Probe  
  17  1:01  Forge  
  17  1:04  Probe  
  18  1:21  Pylon  
  17  1:57  Photon Cannon  
  17  2:03  Photon Cannon  
  17  2:44  Gateway  
  17  2:46  Probe  
  17  2:47  Gateway  
  18  2:54  Probe  
  18  4:00  Pylon  
  18  4:02  Assimilator  
  18  4:03  Assimilator  
  18  4:04  Zealot  
  18  4:06  Zealot  
  22  4:27  Photon Cannon  
  22  4:31  Photon Cannon, Zealot  
  24  4:33  Zealot  
  24  4:34  Probe  
  27  4:42  Probe  
  27  4:51  Probe  
  28  4:58  Zealot  
  31  5:13  Pylon  
  31  5:14  Pylon  
  31  5:16  Pylon  
  31  5:17  Pylon  
  31  5:18  Pylon  
  31  5:31  Zealot, Probe  
  34  5:42  Zealot  
  36  5:58  Zealot  
  38  6:04  Cybernetics Core  
Show
View Real Time Build Order
Export as new Build Order

WheresWaldo Protoss 

Build Orders:  

Get SALT Encoding   

  12  0:01  Probe  
  13  0:09  Probe  
  14  0:18  Probe  
  15  0:31  Pylon  
  15  0:49  Probe  
  16  1:00  Probe  
  17  1:08  Probe  
  18  1:21  Pylon  
  18  1:31  Pylon  
  18  1:50  Forge  
  18  1:57  Assimilator  
  18  2:13  Gateway  
  18  2:21  Gateway  
  18  2:27  Pylon  
  18  2:42  Photon Cannon  
  18  2:55  Photon Cannon  
  18  3:04  Pylon  
  18  3:18  Probe  
  19  3:30  Probe  
  19  3:31  Photon Cannon  
  20  3:38  Photon Cannon  
  20  3:42  Probe  
  20  3:44  Photon Cannon  
  21  3:50  Photon Cannon  
  21  4:00  Pylon  
  21  4:13  Cybernetics Core  
  21  4:23  Assimilator  
  21  4:32  Photon Cannon  
  21  4:39  Photon Cannon  
  21  4:44  Photon Cannon  
  21  4:54  Photon Cannon  
  21  4:59  Photon Cannon  
  21  5:06  Photon Cannon  
  21  5:15  Photon Cannon  
  21  5:22  Photon Cannon  
  21  5:31  Stalker  
  23  5:49  Pylon  
  25  5:57  Sentry  
  25  6:01  Stalker, Probe  
  27  6:09  Probe  
  29  6:18  Probe  
  30  6:28  Shield Battery  
  30  6:31  Stalker  
  32  6:48  Pylon  
  32  7:01  Stalker  
  33  7:09  Stargate  
  33  7:16  Twilight Council  
  33  7:26  Stargate  
Show
View Real Time Build Order
Export as new Build Order

Throwfordays Zerg 

Build Orders: Hatch First 

Get SALT Encoding   

  12  0:01  Drone  
  13  0:13  Overlord  
  13  0:18  Drone  
  14  0:32  Drone x2  
  16  0:52  Hatchery  
  16  0:56  Drone  
  16  1:00  Drone  
  17  1:17  Spawning Pool  
  16  1:26  Extractor  
  16  1:27  Drone x2  
  17  1:33  Overlord  
  17  1:38  Drone  
  18  1:53  Drone  
  19  2:04  Queen  
  19  2:06  Queen  
  19  2:07  Drone  
  24  2:15  Extractor, Drone  
  24  2:17  Drone  
  24  2:20  Drone  
  26  2:25  Zergling x2  
  27  2:33  Drone  
  28  2:39  Drone  
  28  2:41  Metabolic Boost  
  28  2:44  Overlord  
  29  2:54  Drone x2  
  29  2:57  Zergling x2  
  32  3:21  Zergling x6  
  32  3:22  Zergling x4  
  32  3:26  Drone x6  
  43  3:30  Overlord  
  43  3:51  Drone x2  
  45  3:57  Zergling x6  
  48  4:03  Drone  
  48  4:04  Drone x2  
  48  4:07  Extractor  
  48  4:08  Extractor  
  48  4:09  Drone  
  51  4:10  Drone x2  
  51  4:13  Overlord  
  52  4:48  Drone x4  
  52  4:51  Hatchery  
  47  5:11  Zergling x2  
  47  5:12  Zergling x2  
  47  5:15  Evolution Chamber  
  47  5:17  Evolution Chamber  
  47  5:20  Roach Warren  
  45  5:21  Drone x3  
  45  5:23  Baneling Nest  
  46  5:30  Drone x3  
  46  5:32  Drone  
  46  5:33  Drone  
  50  5:48  Zergling x6  
  46  6:06  Zergling x10  
  51  6:15  Roach x4  
  54  6:25  Spore Crawler  
  42  6:34  Spore Crawler  
  42  6:38  Spore Crawler  
Tags
 
Add a new tag
Caveats
  • Supply blocks, unpowered buildings, or Contaminate may cause inaccurate times.
  • Supply counts are checked every 10 seconds.